Cogmind - Beta 16 @@@ ROGUE MODE // 2025.12.04 @ 05:16:13 Player: shapeshifter Result: Destroyed by U2-769(g) with Salvaging Laser Performance ------------- Evolutions (1) 500 Regions Visited (5) 1000 Robots Destroyed (57) 285 Value Destroyed (1728) 1728 Prototype IDs (15) 300 Alien Tech Used (0) 0 Bonus (1102) 1102 TOTAL SCORE: 4915 Bonus ------- Follower Combat Kills 395 Registered with UFD 300 Met Optimus in HQ 500 Friendly Fire -93 Cogmind --------- Core Integrity 0/400 Matter 142/300 Energy 100/100 System Corruption 1% Temperature Cool (6) Movement Rolling (345) Ox17 Location -9/Scraptown Parts ------- > --- POWER (1) -------- (None) > --- PROPULSION (4) --- Armored Wheel > --- UTILITY (2) ------ Humpback > --- WEAPON (2) ------- Compact Gauss Rifle Rocket Launcher > --- INVENTORY (35) --- Ballwheel High-capacity Matter Pod (0) Deep Structural Scanner Surveybot 24 Chip Centrium Light Armor Plating Siege Cannon Replica PL-3XN's Ring of Power Peak State ------------ > --- POWER ------------ Micro Nuclear Core > --- PROPULSION ------- Armored Wheel Armored Wheel Armored Wheel > --- UTILITY ---------- Humpback > --- WEAPON ----------- KN-7UR's Autopenetrator Compact Gauss Rifle > --- INVENTORY -------- Light Nuclear Core Ballwheel Cooling System Large Storage Unit Humpback High-capacity Matter Pod High-capacity Matter Pod Deep Structural Scanner Machine Analyzer Advanced Signal Interpreter Surveybot 17 Chip Makeshift Salvage Targeting Computer Weapon Cycler Improved Medium Armor Plating Centrium Light Armor Plating Shock Absorption System Improved Hacking Suite Tech Extrapolator Siege Cannon Replica Rocket Launcher Remote Datajack Plasma Cutter CPS Tube CPS Tube CPS Tube CPS Tube CPS Tube CPS Tube PL-3XN's Ring of Power [Rating: 39] Favorites ----------- Power Cooled Ion Engine Engine Cooled Ion Engine Power Core Micro Nuclear Core Propulsion Light Treads Treads Light Treads Leg Aluminum Leg Wheel Armored Wheel Flight Unit Improved Flight Unit Utility Large Storage Unit Device Improved Heat Sink Storage Large Storage Unit Protection Centrium Light Armor Plating Weapon Improved Assault Rifle Energy Gun KN-7UR's Autopenetrator Energy Cannon Advanced Beam Cannon Ballistic Gun Improved Assault Rifle Ballistic Cannon Improved Light Cannon Launcher Rocket Launcher Special Weapon Remote Datajack Impact Weapon Heavy Hammer Special Melee Weapon Datajack Build | -11 -10 -9 -9 -9 -9 ------- Run | Yrd Mat Mat Sto Rec Scr Slots Evolved 2 | . . 2 . . . Power . | . . . . . . Propulsion 2 | . . 2 . . . Utility . | . . . . . . Weapon . | . . . . . . Parts Attached 62 | 6 11 4 14 6 21 Power 5 | 1 1 1 1 . 1 Engine 4 | 1 1 1 1 . . Core 1 | . . . . . 1 Reactor . | . . . . . . Propulsion 25 | 2 6 1 4 2 10 Treads 14 | 2 4 1 4 1 2 Leg 2 | . 2 . . . . Wheel 4 | . . . . . 4 Hover . | . . . . . . Flight 5 | . . . . 1 4 Utility 10 | 1 1 2 1 1 4 Device 2 | . . 2 . . . Storage 6 | 1 1 . 1 . 3 Processor . | . . . . . . Hackware . | . . . . . . Protection 2 | . . . . 1 1 Artifact . | . . . . . . Weapon 22 | 2 3 . 8 3 6 Energy Gun 2 | . . . 1 1 . Energy Cannon 2 | . . . 2 . . Ballistic Gun 9 | 2 2 . 4 . 1 Ballistic Cannon 2 | . 1 . . . 1 Launcher 3 | . . . 1 . 2 Special Weapon 2 | . . . . 1 1 Impact Weapon 1 | . . . . . 1 Slashing Weapon . | . . . . . . Piercing Weapon . | . . . . . . Special Melee Weapon 1 | . . . . 1 . Unidentified Prototypes 7 | . . 1 3 3 . Parts Lost 18 | . 4 1 7 . 6 Power 2 | . . . 1 . 1 Propulsion 9 | . 2 . 4 . 3 Utility 1 | . . . . . 1 Weapon 6 | . 2 1 2 . 1 Highest Loss Streak 7 | . 3 1 7 . 4 To Critical Strikes . | . . . . . . Average Backups 14 | 1 4 9 13 14 19 Power . | . . . . . . Propulsion 2 | . 2 4 4 4 1 Utility 5 | . . 2 1 3 11 Weapon 2 | . . 1 5 4 2 Tool/Special . | . . . . . . Unused Backups 43 | . . . 1 6 36 Power 2 | . . . . 1 1 Propulsion 7 | . . . . 3 4 Utility 23 | . . . . 1 22 Weapon 3 | . . . 1 1 1 Tool/Special 8 | . . . . . 8 Average Slot Usage (%) 88 | . 81 92 96 92 86 Engine 7 | . 12 8 8 11 3 Core 3 | . . . . . 7 Treads 30 | . 23 43 43 40 22 Wheel 7 | . . . . . 17 Device 3 | . . 7 11 7 . Storage 11 | . 14 11 11 11 10 Protection 3 | . . . . 3 6 Energy Gun 1 | . . . . . 3 Ballistic Gun 10 | . 21 21 19 12 . Ballistic Cannon 2 | . 4 . . . 3 Special Weapon 2 | . . . . 4 3 Impact Weapon 2 | . . . . . 5 Peak Build Rating 39 | 6 7 14 20 26 39 Average Rating 20 | 3 5 10 18 21 27 On Entrance 11 | . 6 6 13 20 25 Avg Prop Armor Cover (%) . | . . . . . . Naked Turns . | . . . . . . Heaviest Build 215 | 12 28 32 36 35 215 Greatest Support 83 | 40 40 80 80 80 83 Greatest Overweight (x) 17 | . 3 . . . 17 Average Overweight (x) . | . . . . . 1 Largest Inventory Capacity 35 | 8 15 15 15 15 35 Average Capacity 17 | 6 9 15 15 15 23 Most Carried 35 | 5 14 11 15 15 35 Average Carried 14 | 1 5 9 13 14 19 Final Capacity 35 | 8 15 15 15 15 35 Final Carried 15 | 1 12 9 15 14 12 Class Distribution -------------------- 66% | Commander-Mutant 29% | Mutant 3% | Hauler-Mutant Dominant Class ---------------- Mutant | -10/Materials Mutant | -9/Materials Mutant | -9/Storage Commander-Mutant | -9/Recycling Commander-Mutant | -9/Scraptown Resources | -11 -10 -9 -9 -9 -9 ----------- Run | Yrd Mat Mat Sto Rec Scr Matter Collected 2557 | 241 347 121 386 579 883 Remotely . | . . . . . . Salvage Created 2147 | . 504 121 398 389 735 Parts 115 | . 36 7 24 12 36 Haulers Intercepted 4 | . . . 4 . . Recyclers Shooed 1 | . . 1 . . . Parts Field Recycled . | . . . . . . Retrieved Matter . | . . . . . . Parts Self-Destructed 1 | . . . . . 1 Prevented . | . . . . . . Parts Restored . | . . . . . . Kills | -11 -10 -9 -9 -9 -9 ------- Run | Yrd Mat Mat Sto Rec Scr Combat Hostiles Destroyed 44 | . 15 3 6 5 15 Guns 22 | . 11 3 . 5 3 Cannons 6 | . 4 . . . 2 AOE 16 | . . . 6 . 10 Classes Destroyed 16 | . 4 . 3 3 6 Worker 5 | . 3 . 2 . . Builder 1 | . . . . 1 . Hauler 4 | . . . 4 . . Watcher 3 | . 2 . 1 . . Swarmer 7 | . 6 . . 1 . Grunt 14 | . 9 3 2 . . Brawler 1 | . . . 1 . . Duelist 1 | . . . . 1 . Sentry 4 | . . . 3 1 . Programmer 2 | . . . . 2 . Federalist 2 | . . . . . 2 Explorer 2 | . . . . . 2 Ranger 3 | . . . . . 3 Guru 1 | . . . . . 1 Scrapper 5 | . . . . . 5 Elite 1 | . . . . . 1 Thug 1 | . . . . . 1 Best Kill Streak 8 | . 6 3 6 3 8 Combat Bots Only 8 | . 5 3 6 2 8 Max Kills in Single Turn 3 | . 1 1 3 2 3 Gunslinging . | . . . . . . Exploded 3 | . . . 3 . 3 Melee . | . . . . . . Uniques/NPCs Destroyed . | . . . . . . Combat | -11 -10 -9 -9 -9 -9 -------- Run | Yrd Mat Mat Sto Rec Scr Hostile Shots Fired 361 | . 102 60 53 31 115 Missed 94 | . 17 17 15 7 38 Hits 267 | . 85 43 38 24 77 Melee 9 | . . . 6 1 2 Projectile 258 | . 85 43 32 23 75 AOE 1 | . . . . 1 . Critical Strikes 11 | . . 1 4 1 5 Damage Taken 3774 | . 850 553 799 406 1166 Core 539 | . 131 80 90 52 186 Absorbed by Shields 150 | . . . . 38 112 Core Remaining (%) 73 | 100 47 . . . . Volleys Fired 251 | . 90 21 28 56 56 Largest 2 | . 2 2 2 2 1 Hottest 120 | . 50 40 68 46 120 Shots Fired 379 | . 160 42 45 76 56 Gun 256 | . 130 42 34 40 10 Cannon 59 | . 30 . 3 . 26 Launcher 24 | . . . 8 . 16 Special 40 | . . . . 36 4 Kinetic 299 | . 160 42 28 40 29 Thermal 16 | . . . 9 . 7 Explosive 24 | . . . 8 . 16 Electromagnetic . | . . . . . . Robot Hit Streak 14 | . 7 7 13 14 9 Robot Miss Streak 6 | . 6 2 2 4 3 Penetration Max . | . . . . . . Secondary Targets 1 | . . . . 1 . Max Gunslinging Chain 1 | . . . . 1 . Shots Hit Robots 269 | . 88 29 31 85 36 Core Hits 118 | . 35 9 26 15 33 Critical Kills . | . . . . . . Critical Parts Destroyed . | . . . . . . Critical Strikes 2 | . 2 . . . . Blast 2 | . 2 . . . . Melee Attacks 30 | . . . . 26 4 Impact 4 | . . . . . 4 Slashing . | . . . . . . Piercing . | . . . . . . Sneak Attacks 26 | . . . . 26 . Combat Hostiles . | . . . . . . Follow-up Attacks . | . . . . . . Damage Inflicted 4021 | . 888 306 831 621 1375 Guns 2049 | . 614 294 364 621 156 Cannons 684 | . 274 . . . 410 Explosions 1276 | . . . 467 . 809 Melee . | . . . . . . Ramming 12 | . . 12 . . . Kinetic 2534 | . 888 294 321 621 410 Thermal 199 | . . . 43 . 156 Explosive 1276 | . . . 467 . 809 Electromagnetic . | . . . . . . Impact . | . . . . . . Slashing . | . . . . . . Piercing . | . . . . . . Highest Corruption 6 | . . . 5 6 1 Average Corruption 4 | . . . 3 5 1 Corruption Purged . | . . . . . . Corruption Blocked . | . . . . . . Effects 66 | . . . 11 54 1 Message Errors 13 | . . . 2 11 . Matter Fused 21 | . . . 4 17 . Heat Flow Errors 4 | . . . 1 3 . Energy Discharges 13 | . . . 2 10 1 Parts Rejected 1 | . . . . 1 . Parts Fused 1 | . . . 1 . . Data Loss (minor) 4 | . . . 1 3 . Data Loss (major) 6 | . . . . 6 . Alerts 3 | . . . . 3 . Overload Shots . | . . . . . . Overflow Damage 46 | . . . 10 . 36 Projectiles 3 | . . . . . 3 Explosions 43 | . . . 10 . 33 Melee . | . . . . . . Knockbacks 4 | . 3 . . . 1 Impact . | . . . . . . Kinetic 4 | . 3 . . . 1 Secondary . | . . . . . . Self-Inflicted Damage 346 | . . . 185 . 161 Shots 12 | . . . 5 . 7 Rammed 1 | . . 1 . . . Targets Rammed 1 | . . 1 . . . Kicked . | . . . . . . Crushed . | . . . . . . Highest Temperature 354 | . 82 8 228 188 354 Average Temperature 61 | . 22 4 99 81 101 Received Heat Transfer 1255 | . 348 288 150 44 425 Siege Activations . | . . . . . . Martial Activations . | . . . . . . Shielding Activations . | . . . . . . Robots Disrupted . | . . . . . . Combat Hostiles . | . . . . . . Robots Corrupted . | . . . . . . Combat Hostiles . | . . . . . . Parts Fried . | . . . . . . Impact Corruptions . | . . . . . . Robots Melted . | . . . . . . Combat Hostiles . | . . . . . . Parts Melted 5 | . . . . . 5 Heat Transferred 250 | . . . 100 . 150 Parts Sabotaged . | . . . . . . Parts Stolen . | . . . . . . Parts Stripped . | . . . . . . Power Chain Reactions . | . . . . . . Alert | -11 -10 -9 -9 -9 -9 ------- Run | Yrd Mat Mat Sto Rec Scr Maximum Alert Level . | . . . . . . Low Security (%) 100 | 100 100 100 100 100 . Level 1 . | . . . . . . Level 2 . | . . . . . . Level 3 . | . . . . . . Level 4 . | . . . . . . Level 5 . | . . . . . . High Security . | . . . . . . Max Security . | . . . . . . Peak Influence 159 | . 159 60 144 121 . Initial 4 | . . 4 . . . Average 42 | . 63 21 26 40 . Influence Increases 1585 | . 525 70 383 602 5 Destroy 0b10 Robot/C 700 | . 300 60 140 200 . Destroy 0b10 Robot/NC 95 | . 25 . 35 30 5 Destroy Leader 124 | . 54 10 60 . . Allied During Kill 199 | . . . 14 185 . Successful Hack 68 | . 26 . 5 37 . Select Force Hacks 210 | . 60 . . 150 . Disable Machine 75 | . 15 . 60 . . Destroy Structure 39 | . . . 39 . . Lose Combat Pursuer 75 | . 45 . 30 . . Influence Decreases 1585 | . 513 82 383 602 5 Entered New Map 8 | . . 8 . . . Time Decay 1341 | . 473 64 323 480 1 Lost Part 110 | . 40 10 60 . . Lost Ally 126 | . . . . 122 4 Squads Dispatched 9 | . 4 1 4 . . Investigation 2 | . 2 . . . . Extermination . | . . . . . . Reinforcement 4 | . 2 1 1 . . Assault . | . . . . . . Garrison 3 | . . . 3 . . Intercept . | . . . . . . Searches Triggered . | . . . . . . Construction Impeded . | . . . . . . Haulers Reinforced . | . . . . . . Active Scanning Responses . | . . . . . . Cargo Convoy Interrupts . | . . . . . . Stealth | -11 -10 -9 -9 -9 -9 --------- Run | Yrd Mat Mat Sto Rec Scr Distress Signals 3 | . 1 . 2 . . Communications Jammed . | . . . . . . Distress Signals . | . . . . . . Times Spotted 122 | . 33 11 30 17 31 Peak Tracking Total 8 | . 5 8 6 4 8 Tactical Retreats 6 | . 3 . 2 1 . Traps | -11 -10 -9 -9 -9 -9 ------- Run | Yrd Mat Mat Sto Rec Scr Traps Triggered 5 | . 2 . 3 . . Indirectly . | . . . . . . Trap Hack Attempts . | . . . . . . Triggered . | . . . . . . Disarmed . | . . . . . . Reprogrammed . | . . . . . . Reused . | . . . . . . Traps Extracted . | . . . . . . Installed . | . . . . . . Triggered . | . . . . . . Machines | -11 -10 -9 -9 -9 -9 ---------- Run | Yrd Mat Mat Sto Rec Scr Machines Disabled 24 | . 1 . 4 . 19 Max in Single Turn 1 | . 1 . 1 . 1 Machines Repaired . | . . . . . . Machines Dismantled . | . . . . . . Machines Sabotaged . | . . . . . . Overloaded Fab Kills . | . . . . . . Hacking | -11 -10 -9 -9 -9 -9 --------- Run | Yrd Mat Mat Sto Rec Scr Machines Accessed 32 | . 7 1 9 12 3 Terminals 19 | . 5 1 7 6 . Fabricators . | . . . . . . Repair Stations . | . . . . . . Recycling Units 9 | . 2 . 1 6 . Scanalyzers . | . . . . . . Garrison Access 1 | . . . 1 . . Total Hacks 100 | . 17 4 22 30 27 Successful 73 | . 13 3 9 21 27 Failed 27 | . 4 1 13 9 . Catastrophic 5 | . 1 . 1 3 . Database Lockouts . | . . . . . . Manual 55 | . 14 5 18 18 . Terminals 49 | . 13 4 18 14 . Fabricators . | . . . . . . Repair Stations . | . . . . . . Recycling Units 22 | . 4 . 2 16 . Scanalyzers . | . . . . . . Garrison Access 2 | . . . 2 . . Terminal Hacks 36 | . 2 1 1 5 27 Record 21 | . . . . . 21 Robot Analysis 6 | . . . . . 6 Branch Access Points 1 | . 1 . . . . Terminal Index 1 | . 1 . . . . Zone Layout 7 | . . 1 1 5 . Fabricator Hacks . | . . . . . . Repair Station Hacks . | . . . . . . Recycling Unit Hacks 9 | . 2 . 2 5 . Retrieve Components 9 | . 2 . 2 5 . Scanalyzer . | . . . . . . Garrison Access Hacks . | . . . . . . Unauthorized Hacks 28 | . 9 2 6 11 . Terminals 21 | . 7 2 6 6 . Botnet 4 | . 2 1 . 1 . Skim 17 | . 5 1 6 5 . Fabricators . | . . . . . . Repair Stations . | . . . . . . Recycling Units 7 | . 2 . . 5 . Tunnel 7 | . 2 . . 5 . Scanalyzers . | . . . . . . Garrison Access . | . . . . . . Data Cores Recovered . | . . . . . . Used . | . . . . . . Hacking Detections 19 | . 4 1 8 6 . Full Trace Events 2 | . . . 1 1 . Feedback Events . | . . . . . . Feedback Blocked . | . . . . . . Robot Schematics Acquired . | . . . . . . Robots Built . | . . . . . . Authchips . | . . . . . . Time . | . . . . . . Total Robot Build Rating . | . . . . . . Part Schematics Acquired . | . . . . . . Parts Built . | . . . . . . Authchips . | . . . . . . Time . | . . . . . . Total Part Build Rating . | . . . . . . Part Studies Acquired . | . . . . . . Parts Repaired . | . . . . . . Time . | . . . . . . Parts Recycled . | . . . . . . Recycled Matter . | . . . . . . Retrieved Matter . | . . . . . . Retrieved Components 24 | . 12 . . 12 . Parts Scanalyzed . | . . . . . . Part Schematics Acquired . | . . . . . . Parts Damaged . | . . . . . . Bothacking | -11 -10 -9 -9 -9 -9 ------------ Run | Yrd Mat Mat Sto Rec Scr Used RIF Installer . | . . . . . . Robots Hacked 3 | . . . . 1 2 Non-combat 1 | . . . . 1 . Combat 2 | . . . . . 2 Robot Hacks Applied 3 | . . . . 1 2 parse_system 2 | . . . . . 2 no_distress 1 | . . . . 1 . Relay Couplers Released . | . . . . . . Fabnet Peak Effective % . | . . . . . . Robots Rewired 25 | . . . . 25 . Allies Hacked . | . . . . . . Hacks Repelled . | . . . . . . Allies | -11 -10 -9 -9 -9 -9 -------- Run | Yrd Mat Mat Sto Rec Scr Total Allies 35 | . . . 10 25 . Largest Group 26 | . . . 10 26 26 Highest-Rated Group 437 | . . . 88 437 437 Highest-Rated Ally 34 | . . . 16 34 34 Total Orders 12 | . . . . 2 10 STAY 6 | . . . . 1 5 FOLLOW 2 | . . . . 1 1 GUARD 1 | . . . . . 1 AID 3 | . . . . . 3 Ally Attacks 166 | . . . 7 48 111 Total Damage 3068 | . . . 60 474 2534 Kills 28 | . . . 1 6 21 Allies Corrupted . | . . . . . . Allies Melted 7 | . . . . . 7 Intel | -11 -10 -9 -9 -9 -9 ------- Run | Yrd Mat Mat Sto Rec Scr Active Infowar (turns) . | . . . . . . Robot Analysis Total 6 | . . . . . 6 Derelict Logs Recovered . | . . . . . . Drone Launches . | . . . . . . Drone Recoveries . | . . . . . . Exploration | -11 -10 -9 -9 -9 -9 ------------- Run | Yrd Mat Mat Sto Rec Scr Turns Passed 9354 | 52 1549 221 1472 1991 4069 Spaces Moved 4871 | 43 794 74 701 887 2372 Core 29 | 26 1 . . . 2 Treads 3649 | 17 668 74 701 887 1302 Legs 125 | . 125 . . . . Wheels 958 | . . . . . 958 Hover . | . . . . . . Flight 110 | . . . . . 110 Fastest Speed 31 | 50 120 160 160 160 31 Average Speed 154 | 93 153 160 160 160 151 Slowest Speed 345 | 160 200 160 160 160 345 Overloaded Moves . | . . . . . . Propulsion Burnouts . | . . . . . . Robots Hopped . | . . . . . . Potential Cave-ins . | . . . . . . Cave-ins Triggered . | . . . . . . Exploration Rate (%) 61 | 4 87 14 86 94 86 Regions Visited 5 Branch Regions 3 Pre-discovered Areas 12 | . 3 . . 6 3 Known Exits Taken 2 | . 1 1 . . . Unknown Exits Taken 3 | 1 . . 1 1 . Scrap Searched 9 | . . . . . 9 Spaces Dug . | . . . . . . Terrain Destroyed 85 | . . . 39 . 46 Melee . | . . . . . . Projectile 1 | . . . . . 1 AOE 83 | . . . 39 . 44 Terrain Rammed . | . . . . . . Walls Destroyed . | . . . . . . Machines Disabled . | . . . . . . Actions | -11 -10 -9 -9 -9 -9 --------- Run | Yrd Mat Mat Sto Rec Scr Total 6384 | 54 988 138 1008 1389 2807 Wait 913 | 1 60 29 238 378 207 Move 4867 | 42 793 74 700 886 2372 Hop . | . . . . . . Pick Up 143 | 5 23 4 19 12 80 Fast Attach 14 | 2 3 . . 1 8 Attach 41 | 4 10 4 9 1 13 Detach 6 | . . . 1 2 3 Swap 42 | . 2 3 8 13 16 Drop 77 | . 7 3 5 14 48 Fire 251 | . 90 21 28 56 56 Melee 30 | . . . . 26 4 Ram . | . . . . . . Kick . | . . . . . . Crush . | . . . . . . Escape Stasis . | . . . . . . Rewire . | . . . . . . Trap . | . . . . . . Miscellaneous . | . . . . . . Route ------- -11/Scrapyard -10/Materials (discovered 6 exits: *Mat x3 / *Min x2 / Sub) -9/Materials (discovered 2 exits: *Sto x2) -9/Storage (discovered 2 exits: *Mat / *Rec) -9/Recycling (discovered 2 exits: *Fac / *Scr) -9/Scraptown (discovered 2 exits: *Fac x2) History --------- Turn | Location | Event 3 | -11/Scrapyard | Discovered new exit (range 16) 53 | -11/Scrapyard | Entered Materials 101 | -10/Materials | Discovered new exit (range 10) 269 | -10/Materials | Discovered new exit (range 15) 301 | -10/Materials | Build established: Mutant 394 | -10/Materials | Discovered new exit (range 9) 530 | -10/Materials | Discovered new exit (range 13) 616 | -10/Materials | Identified exit to Mines 732 | -10/Materials | Lost 3 parts (2n1w) 775 | -10/Materials | Identified exit to Materials 775 | -10/Materials | Identified exit to Subcaves 791 | -10/Materials | Learned location of 1 exit from Storage 819 | -10/Materials | Learned Materials stockpile data 867 | -10/Materials | Core integrity fell below 50% 1602 | -10/Materials | Entered another Materials area 1602 | -9/Materials | Evolved 2 slots: Propulsion x2 1603 | -9/Materials | Identified exit to Storage 1649 | -9/Materials | Discovered exit to Storage (range 9) 1823 | -9/Materials | Entered Storage 1824 | -9/Storage | Identified exit to Materials 1938 | -9/Storage | Lost 7 parts (1p4n2w) 1959 | -9/Storage | Met 01-MTF 2791 | -9/Storage | Assisted by bots powering up and referring to "LRC-V3" 2809 | -9/Storage | Garrison activated, responded to threat 3082 | -9/Storage | Build established: Commander-Mutant 3264 | -9/Storage | Discovered new exit (range 7) 3295 | -9/Storage | Entered Recycling 3295 | -9/Recycling | Accompanied by 9 allies (01-MTF) 3729 | -9/Recycling | Learned Storage terminal intel 3808 | -9/Recycling | Identified exit to Factory 3879 | -9/Recycling | Learned Materials stockpile data 3939 | -9/Recycling | Learned Storage trap positions 3989 | -9/Recycling | Learned 2 Materials zone layouts 4031 | -9/Recycling | Learned Storage stockpile data 4157 | -9/Recycling | Learned Materials security intel 4177 | -9/Recycling | Lost 6 allies 4218 | -9/Recycling | Learned Storage emergency access door positions 4404 | -9/Recycling | Core integrity fell below 50% 4611 | -9/Recycling | Scanned before Scraplab entrance 4654 | -9/Recycling | Found Prototype Energy Gun 4655 | -9/Recycling | Identified KN-7UR's Autopenetrator 5007 | -9/Recycling | Entered Scraplab 5020 | -9/Recycling | Discovered new exit (range 2) 5286 | -9/Recycling | Entered Scraptown 5286 | -9/Scraptown | Accompanied by 26 allies 5286 | -9/Scraptown | System corruption cleaned by C-Scrubber 5336 | -9/Scraptown | Visited Shadow of the Wyrm 5458 | -9/Scraptown | Visited Symbiants 5479 | -9/Scraptown | Visited Fellowship of the Rings 5508 | -9/Scraptown | Visited The Evicted 5527 | -9/Scraptown | Visited TADAMA 5553 | -9/Scraptown | Visited Bundlers 5565 | -9/Scraptown | Visited CPS Storage 5633 | -9/Scraptown | Visited UFD Registry 5633 | -9/Scraptown | Registered with UFD as "Shadowdriver" 5663 | -9/Scraptown | Visited Observation Area 5685 | -9/Scraptown | Visited Junk Repository 5721 | -9/Scraptown | Visited Curators Association 5770 | -9/Scraptown | Visited Abandonware Association 5788 | -9/Scraptown | Learned abandonware demo "REPAIR.EXE" 5821 | -9/Scraptown | Visited Analyses Database 5858 | -9/Scraptown | Visited Scrapoid Research Area 5873 | -9/Scraptown | Visited Cartography Club 5901 | -9/Scraptown | Visited DA-N13 Charitable Foundation 5921 | -9/Scraptown | Found DCF Scrap (31 items) 5975 | -9/Scraptown | Visited Modified Component R&D 6112 | -9/Scraptown | Found Surveybot 17 Chip 6125 | -9/Scraptown | Learned location of Hub_04(d) (-4) 6125 | -9/Scraptown | Learned location of Upper Caves (-5) 6125 | -9/Scraptown | Learned 12 Factory zone layouts 6125 | -9/Scraptown | Learned 24 Factory zone layouts 6125 | -9/Scraptown | Learned 4 Storage zone layouts 6125 | -9/Scraptown | Learned 8 Lower Caves zone layouts 6125 | -9/Scraptown | Learned 12 Proximity Caves zone layouts 6125 | -9/Scraptown | Learned 20 Proximity Caves zone layouts 6125 | -9/Scraptown | Learned 4 Hub_04(d) zone layouts 6125 | -9/Scraptown | Learned 4 Armory zone layouts 6125 | -9/Scraptown | Learned Research emergency access door positions 6125 | -9/Scraptown | Learned location of 1 exit from Factory 6125 | -9/Scraptown | Learned location of 2 exits from Research 6125 | -9/Scraptown | Identified exit to Factory 6132 | -9/Scraptown | Found Deep Structural Scanner 8919 | -9/Scraptown | Met Optimus 8919 | -9/Scraptown | Accepted into 0bPrime 9015 | -9/Scraptown | Civil war broke out across Scraptown 9054 | -9/Scraptown | Found PL-3XN's Ring of Power 9100 | -9/Scraptown | Lost 8 allies 9156 | -9/Scraptown | Attacked by Scraptown defenders 9185 | -9/Scraptown | Lost 4 allies 9208 | -9/Scraptown | Found Siege Cannon Replica 9220 | -9/Scraptown | Found Ballwheel 9245 | -9/Scraptown | Found Surveybot 24 Chip 9274 | -9/Scraptown | Optimus destroyed in the chaos of civil war 9288 | -9/Scraptown | Core integrity fell below 20% 9318 | -9/Scraptown | Destroyed 8 combat bots 9355 | -9/Scraptown | Destroyed by U2-769(g) with Salvaging Laser Last Messages --------------- 09295_ Destroyed Airjet. 09297_ Penetrated by Bolt. 09297_ O0-K5G(h) destroyed. 09300_ Extracted 83 matter. 09307_ Acquired PL-3XN's Ring of Power. 09310_ Acquired Hcp. Matter Pod. 09316_ Acquired Centrium Light Armor Plating. 09319_ Acquired Surveybot 24 Chip. 09323_ Mic. Nuclear Core destroyed. 09324_ Machine disabled. 09326_ Arm. Wheel destroyed. 09326_ Destroyed Arm. Wheel. 09329_ System corrupted: Energy discharge (-38). 09330_ Unknown Engine melted. 09330_ 0A-402(j) destroyed. 09334_ The unstable cave ceiling collapses. 09342_ Acquired Ballwheel. 09347_ Acquired Deep Structural Scanner. 09353_ 8V-DPW(E) destroyed. 09353_ Machine disabled. Map ----- +----------------------------------------------------+ | ""###### ################"" "#?? """ ??????? | | ""# ##????????#"" "#########??????? | | ""# X"?????????#"" "## """"#??????? | | ""# "" "" ##????????#"" "## " "#??????? | | ""# "" "" X"#??????###"" "## X"#??????? | | ""# " " ######### #"" "## "#??????? | | "" "" ""#??????? | | "" "" ! "## " "#??????? | | ""# " " ######### # [[%"## """"#??????? | | "# "" "" ""#??????### [ ## """"#??????? | | "# "" "" ##????????# ! = ########??????? | | ""# X"#????????# = ##########???? | | ""# ##???????## ! ! # "#???? | | ""###### ###############*%[ = ""#???? | | """""""""""""""""""""% == """" "#???? | | !"""""""""""!""!"" %* =[[= = ! "### "#???? | | ! ]* =%!!%%%=%!=!%[%= %%! "#X ""#???? | | *%*=!![=*!!=*[ [ [% = # "### "#???? | | [=%[%*%![=%=% *%% = # """" "#???? | | ! =%*======/==! %|=! %=! [ # ""#???? | | [% [![ !!%= =*!!= =%= # "#???? | | """"""""""" "" """ "||![ % ##########???? | | ########### ##########!![ = ##?????????????? | | ???# #?#" !||!! =!! #?????????????? | | ?# #?##" | | !%=h #?????????????? | | "# # !!# #??# " @* [ #?????????????? | | """" "#|=#=[!# [#?##!" = g% #?????????????? | | ???? "#!]#!=[# #?# j #?????????????? | | ?????"###########?##" % " ###########???? | | ??????#????????????# ! " ## #???? | | ??????????????????##"" "## [! ##???? | | ??????????????????#" "" "# %= #???? | | ??????????????????###; " / #### #???? | | ????????????????????!#"###"#??# #???? | | ???????????????????#####?###??# ############???? | | ??????????????????????######### #####??????????? | | ????????????????#"""?#"""##"|"# """"#??????????? | | ?????????"##" "##"""##""|##" # "" "#??????????? | | ????????? "#??????????? | | ????????? " "#??????????? | | ????????? != """"#??????????? | | ???????????????##"|"##!! ##"" ## ######??????????? | | ?????????????????????#"""##"""####???????????????? | | ?????????????????????##########??????????????????? | | ?????????????????????????????????????????????????? | | ?????????????????????????????????????????????????? | | ?????????????????????????????????????????????????? | | ?????????????????????????????????????????????????? | | ?????????????????????????????????????????????????? | | ?????????????????????????????????????????????????? | +----------------------------------------------------+ Best States ------------- Heat Dissipation 42 Energy Generation 15 Energy Capacity 280 Matter Stores 300 Matter Capacity 300 Sight Range 16 Terrain Scan Density 10 Armor Coverage 225 Evasion (%) 63 Recoil Reduction 4 Authchip Count 4 Item Schematics ----------------- None Robot Schematics ------------------ None Fabricated ------------ Nothing Repaired ---------- Nothing Studied --------- None Alien Tech Used ----------------- None Achievements -------------- None Challenges ------------ None Game ------ Seed ReactiveDisassembledPendant Manual? 0 Play Time 00:54:58 Cumulative 595.7 hours Start 2025.12.04 @ 01:58:08 End 2025.12.04 @ 05:16:13 Sessions 6 Manual Loads 0 Difficulty Rogue Special Mode None Game No. 762 Rogue 762 Adventurer 0 Explorer 0 Win Type - Total 21 Types 10/1/2/2/2/0/2/2/0/0 Lore% 94 Gallery% 90 Achievement% 76 Wizard Run 0 Options --------- Layout 0 ASCII 0 Keyboard 0 Movement Mouse Keybinds 0 Fullscreen 1 Font 24/Terminus Map View 76x50 Zoom Use 0% Tactical HUD 1 Map Filters NONE Filters NONE Steam 1 RUN: 5e0e1a46-5535-47b9-b048-33ffeaa4c88c